 Dungeon Crawl Stone Soup version 0.31.0-12-g77e489cdc1 (webtiles) character file.

Game seed: 4803453581939393996

16850 James the Grappler (level 12, -7/104 HPs)
             Began as an Octopode Shapeshifter on Feb 28, 2024.
             Was a High Priest of Elyvilon.
             Mangled by a centaur warrior simulacrum (25 damage)
             ... in a Gauntlet.
             The game lasted 00:43:51 (17180 turns).

James the Grappler (Octopode Shapeshifter)         Turns: 17180, Time: 00:43:52

Health: -7/104     AC:  9    Str: 23    XL:     12   Next: 41%
Magic:  13/15      EV: 11    Int: 13    God:    Elyvilon [*****.]
Gold:   1183       SH:  5    Dex: 11    Spells: 11/11 levels left

rFire   . .          .
                       - Unarmed
rCold   . . .        (shield currently unavailable)
rNeg    . . .        (helmet currently unavailable)
rPois   +            j - amulet of reflection
rElec   .            T - ring of willpower
rCorr   .            (no ring)
SInv    .            (no ring)
Will    +....        (no ring)
Stlth   ++           (no ring)
HPRegen 0.37/turn    (no ring)
MPRegen 0.14/turn    (no ring)
                     (no ring)

%: no teleportation, reflection
@: snake-form, slowed, very slow
A: constrict, boosted hp, almost no armour, amphibious, 8 rings, large,
(camouflage 1), (gelatinous body 1), (nimble swimmer 1), (tentacles)
a: Begin Untransformation, Renounce Religion, Purification, Heal Other, Heal
Self, Divine Vigour


You were in a Gauntlet.
You worshipped Elyvilon.
Elyvilon was extremely pleased with you.
You were an enormous serpent.
You visited 2 branches of the dungeon, and saw 12 of its levels.
You also visited: Gauntlet.

You collected 1183 gold pieces.

Inventory:

Hand Weapons
 b - a +1 sling
   (You took it off a goblin on level 2 of the Dungeon)
 e - the +10 falchion "Death Rattle" {drain, Dex+4}
   (You found it on level 5 of the Dungeon)

   Dex+4:     It affects your dexterity (+4).
   Elyvilon disapproves of the use of such an item.
 h - a +0 dagger of electrocution
   (You took it off a goblin on level 1 of the Dungeon)
 B - a +4 dagger of freezing
   (You took it off a wight on level 5 of the Dungeon)
 C - a +2 spear
   (You took it off a wight on level 5 of the Dungeon)
 E - the +6 dagger of Strategic Superiority {flame, rF+}
   (You found it on level 5 of the Dungeon)

   rF+:       It protects you from fire.
 N - a +0 dagger of venom
   (You took it off an orc wizard on level 7 of the Dungeon)
 R - a +1 dagger of venom
   (You took it off a kobold demonologist on level 8 of the Dungeon)
 W - the +3 flail "Geppuapp" {flame, Int+6}
   (You found it on level 10 of the Dungeon)

   Int+6:     It affects your intelligence (+6).
Missiles
 i - 88 stones (quivered)
 r - 26 poisoned darts
 v - 6 atropa-tipped darts
 w - 8 boomerangs
 A - 2 throwing nets {!f}
 M - a curare-tipped dart {!f}
Armour
 d - an orb of mayhem
   (You found it on level 1 of the Dungeon)
 f - a +0 buckler
   (You found it on level 1 of the Dungeon)
 V - a +1 kite shield
   (You took it off a vault guard on level 10 of the Dungeon)
Jewellery
 j - an amulet of reflection (around neck)
   (You found it on level 1 of the Dungeon)
 T - a ring of willpower (left tentacle)
   (You found it on level 3 of the Dungeon)
Talismans
 c - a flux talisman
 n - a beast talisman
 H - a serpent talisman (active)
   (You found it on level 6 of the Dungeon)
Wands
 t - a wand of flame (4)
   (You found it on level 10 of the Dungeon)
 x - a wand of roots (27)
   (You took it off an orc on level 4 of the Dungeon)
 D - a wand of polymorph (3)
   (You took it off Ijyb on level 3 of the Dungeon)
 U - a wand of mindburst (3)
   (You found it on level 10 of the Dungeon)
Scrolls
 l - a scroll of enchant armour
 m - 2 scrolls of immolation {!r}
 p - a scroll of blinking
 u - 3 scrolls of poison
 y - a scroll of teleportation {@r4}
 J - 3 scrolls of enchant weapon
Potions
 a - a potion of lignification {!q}
 g - 2 potions of cancellation
 k - 2 potions of curing {@q1}
 o - 4 potions of haste {@q3}
 q - a potion of mutation {!q}
 s - 4 potions of heal wounds {@q2}
 z - 2 potions of ambrosia
 F - 2 potions of magic
 G - a potion of brilliance {unknown}
 K - 2 potions of might
 Q - a potion of attraction {unknown}


   Skills:
 - Level 10.0 Fighting
 + Level 4.5 Dodging
 - Level 3.0 Stealth
 - Level 12.0 Unarmed Combat
 - Level 5.0 Invocations
 - Level 11.0 Shapeshifting


You had 11 spell levels left.
You didn't know any spells.
Your spell library contained the following spells:

 Spells                   Type           Power      Damage    Failure   Level
 Shock                    Conj/Air       0%         1d3       30%         1
 Ensorcelled Hibernation  Hex/Ice        0%         N/A       43%         2
 Lesser Beckoning         Tloc           0%         N/A       43%         2
 Dazzling Flash           Conj/Hex       0%         N/A       67%         3
 Gell's Gravitas          Tloc           0%         N/A       67%         3
 Passwall                 Erth           0%         N/A       67%         3
 Swiftness                Air            0%         N/A       67%         3
 Teleport Other           Tloc           0%         N/A       67%         3
 Volatile Blastmotes      Fire/Tloc      0%         2d10      67%         3
 Airstrike                Air            0%         2d(0-16)  97%         4
 Conjure Ball Lightning   Conj/Air       0%         3x3d6     100%        6
 Starburst                Conj/Fire      0%         6d3       100%        6
 Discord                  Hex            0%         N/A       100%        8
 Disjunction              Tloc           0%         N/A       100%        8
 Maxwell's Capacitive Co  Air            0%         ∞         100%        8


Dungeon Overview and Level Annotations

Branches:
Dungeon (11/15)            Temple (1/1) D:4            Lair (0/5) D:10
Gauntlet (1/1)
    Orc: D:9-12

Altars:
Ashenzari
Cheibriados
Dithmenos
Elyvilon
Fedhas
Gozag
Hepliaklqana
Kikubaaqudgha
Makhleb
Nemelex Xobeh
Okawaru
Qazlal
Ru
Sif Muna
Trog
Uskayaw
Vehumet
Wu Jian
Xom
Yredelemnul
Zin
The Shining One

Portals:
Trove: D:10 (give +6 demon blade)

Annotations:
D:4 2 transporters, purpleHaze's ghost, amateur VSSh Gauntlet 11 transporters, 3 runed translucent doors, exclusion: obsidian statue


Innate Abilities, Weirdness & Mutations

You are an enormous serpent.
You have a powerful constriction melee attack.
Your maximum health is increased.
Your armour is entirely melded.
You are incapable of wielding weapons or throwing items.
You cannot wear most types of armour.
You are amphibious.
You can wear up to eight rings at the same time.
((Your skin changes colour to match your surroundings (Stealth+).))
((Your rubbery body absorbs attacks. (AC +1, EV +1)))
((You are camouflaged when in or above water. (Stealth+)))
((You have tentacles for arms and can constrict up to eight enemies at once.))


Message History

There is a transporter here.
Search for what [Enter for "jew", or ? for help]? rc+ Can't find anything matching that.
Unknown command.
Unknown command.
Unknown command.
You enter the transporter and appear at another place.
The centaur warrior simulacrum barely misses you.
The centaur warrior simulacrum kicks you but does no damage.
You block the centaur warrior simulacrum's attack.
The centaur warrior simulacrum closely misses you.
You see here 39 gold pieces.
You now have 1183 gold pieces (gained 39).
The centaur warrior simulacrum hits you.
The centaur warrior simulacrum freezes you!
You feel yourself slow down.
You block the centaur warrior simulacrum's attack.
The centaur warrior simulacrum hits you!
The centaur warrior simulacrum freezes you!
The centaur warrior simulacrum kicks you.
The centaur warrior simulacrum freezes you!!
You feel as though you will be slow longer.
* * * LOW HITPOINT WARNING * * *
The centaur warrior simulacrum hits you but does no damage.
The centaur warrior simulacrum kicks you but does no damage.
You see here a scroll of blinking.
p - a scroll of blinking The centaur warrior simulacrum hits you.
* * * LOW HITPOINT WARNING * * *
The centaur warrior simulacrum freezes you!!
You feel as though you will be slow longer.
* * * LOW HITPOINT WARNING * * *
You block the centaur warrior simulacrum's attack.
The centaur warrior simulacrum hits you but does no damage.
The centaur warrior simulacrum kicks you.
* * * LOW HITPOINT WARNING * * *
The centaur warrior simulacrum freezes you!!
You feel as though you will be slow longer.
Elyvilon protects you from harm!
You are healed.
The centaur warrior simulacrum hits you.
* * * LOW HITPOINT WARNING * * *
The centaur warrior simulacrum freezes you!
* * * LOW HITPOINT WARNING * * *
The centaur warrior simulacrum barely misses you.
The centaur warrior simulacrum hits you.
* * * LOW HITPOINT WARNING * * *
The centaur warrior simulacrum freezes you!!
You feel as though you will be slow longer.
You die...

#≈≈.#Z..... ..#..##.≈≈#
##≈.#.......#.#.##.##.#.≈##
##.#########.#########.##
##≈....#©.........©#....≈##
#≈≈..8.#.8.8.8.8.8.#.8..≈≈#
##≈....#©.........©#....≈##
##.###################.##
##≈.#...#.#©#.#..#©#:.#.≈##
#≈≈.#.#.#.S##.#Y.#.#[.#.≈≈#
##≈.#.#.#Z..#.#Y.+++###.≈##
##.#.#ZZ####.#Y.#....#.##
##≈.#.#..ZZ.#.#Y.#.##.#.≈##
#≈≈.#..####.#.#w.#.##.#.≈≈#
##≈.#.......#.#..#©...#.≈##
##.#########.#########.##
##≈.....§.........©.....≈##
#≈≈≈#≈≈≈#..∩.8.∩..#≈≈≈#≈≈≈#


You could see 3 elephants, a torpor snail, a hornet simulacrum and 4 centaur
warrior simulacra.

Vanquished Creatures
  A vault guard (D:10)
  2 two-headed ogres
  A boulder beetle (D:11)
  Lodul (D:10)
  A deep elf pyromancer (D:10)
  A manticore (D:10)
  6 centaur zombies (D:10)
  2 kobold demonologists
  A komodo dragon (D:10)
  2 trolls
  A hornet (D:9)
  2 meliai zombies (D:10)
  4 vampires
  4 shadows
  2 wyverns
  4 wraiths
  A steam dragon (D:8)
  15 yaks
  An acid dragon (D:11)
  Edmund (D:6)
  Duvessa (D:6)
  2 water moccasins
  3 ice beasts
  6 orc warriors
  A sky beast (D:7)
  9 ogres
  4 phantoms
  A kobold brigand (D:7)
  A gnoll sergeant (D:9)
  2 scorpions
  5 bullfrogs
  5 wights (D:5)
  Dowan (D:6)
  7 killer bees
  4 jellies
  7 howler monkeys
  A bombardier beetle (D:4)
  5 hounds
  8 orc priests
  Crazy Yiuf (D:2)
  Ijyb (D:3)
  2 sleepcaps
  3 iguanas
  12 orc wizards
  2 howler monkey zombies (D:10)
  5 gnolls
  9 adders
  2 shadow imps
  2 white imps
  3 ribbon worms
  2 dart slugs
  57 orcs
  3 bats
  4 endoplasms
  4 giant cockroaches
  9 goblins
  9 hobgoblins
  2 jackals (D:4)
  3 quokkas
  9 ball pythons
  A frilled lizard (D:1)
  11 kobolds
  6 rats
288 creatures vanquished.

Notes
Turn   | Place    | Note
-------+----------+-------------------------------------------
     0 | D:1      | James the Octopode Shapeshifter began the quest for the
                  | Orb.
     0 | D:1      | Reached XP level 1. HP: 13/13 MP: 1/1
   298 | D:1      | Reached XP level 2. HP: 15/19 MP: 2/2
   602 | D:1      | Reached XP level 3. HP: 5/26 MP: 3/3
  1629 | D:2      | Reached XP level 4. HP: 25/31 MP: 4/4
  1782 | D:2      | Found a runed translucent door.
  1783 | D:2      | Noticed Crazy Yiuf
  1943 | D:3      | Reached skill level 4 in Unarmed Combat
  1958 | D:3      | Noticed Ijyb
  2916 | D:3      | Reached XP level 5. HP: 14/36 MP: 5/5
  3035 | D:4      | Found a staircase to the Ecumenical Temple.
  3040 | Temple   | Entered the Ecumenical Temple
  3062 | Temple   | Became a worshipper of Elyvilon the Healer
  3391 | D:4      | Reached skill level 5 in Unarmed Combat
  3391 | D:4      | Reached XP level 6. HP: 42/42 MP: 6/6
  3618 | D:4      | You fall into a shaft and drop 1 floor!
  3618 | D:5      | Entered Level 5 of the Dungeon
  3657 | D:4      | Found a transporter.
  3658 | D:4      | Noticed purpleHaze's ghost (amateur VSSh)
  3659 | D:4      | Found a transporter.
  3746 | D:4      | Reached skill level 5 in Shapeshifting
  3899 | D:5      | Reached * piety under Elyvilon
  4270 | D:5      | Identified the +10 falchion "Death Rattle" {drain, Dex+4}
  4344 | D:5      | Reached XP level 7. HP: 43/48 MP: 7/7
  4510 | D:5      | Reached skill level 1 in Stealth
  5017 | D:5      | Reached skill level 6 in Unarmed Combat
  5048 | D:5      | Reached XP level 8. HP: 40/54 MP: 8/8
  5505 | D:3      | Killed Ijyb
  5506 | D:3      | Reached skill level 7 in Unarmed Combat
  5575 | D:2      | Killed Crazy Yiuf
  5773 | D:5      | Identified the +6 dagger of Strategic Superiority {flame,
                  | rF+}
  5833 | D:6      | Reached ** piety under Elyvilon
  5836 | D:6      | Noticed Edmund
  6085 | D:6      | Reached skill level 8 in Unarmed Combat
  6562 | D:6      | Noticed Dowan
  7270 | D:6      | Noticed Duvessa
  7389 | D:7      | Reached *** piety under Elyvilon
  7543 | D:7      | Reached XP level 9. HP: 55/58 MP: 9/9
  8503 | D:7      | Reached **** piety under Elyvilon
  8883 | D:8      | Reached skill level 10 in Shapeshifting
  8883 | D:8      | Reached skill level 1 in Invocations
  8889 | D:8      | Reached XP level 10. HP: 63/63 MP: 9/12
  9117 | D:8      | Reached skill level 5 in Invocations
  9885 | D:9      | Noticed a two-headed ogre
 10060 | D:9      | Reached skill level 5 in Fighting
 10206 | D:6      | Killed Edmund
 10512 | D:6      | Killed Duvessa
 10514 | D:6      | Killed Dowan
 10933 | D:9      | Noticed a kobold demonologist
 10993 | D:8      | Killed a kobold demonologist
 11259 | D:9      | Killed a two-headed ogre
 11267 | D:9      | Reached XP level 11. HP: 51/77 MP: 14/14
 11447 | D:9      | Reached ***** piety under Elyvilon
 11969 | D:10     | Entered Level 10 of the Dungeon
 11969 | D:10     | Found a staircase to the Lair.
 12079 | D:10     | Reached skill level 9 in Unarmed Combat
 12290 | D:10     | Noticed a two-headed ogre
 12344 | D:10     | Killed a two-headed ogre
 12345 | D:10     | Reached skill level 10 in Unarmed Combat
 12627 | D:10     | Noticed a manticore
 12835 | D:10     | Noticed a vault guard
 12845 | D:10     | HP: 2/92 [vault guard/+0 long sword (19)]
 12852 | D:10     | Killed a vault guard
 12853 | D:10     | Reached skill level 11 in Unarmed Combat
 13114 | D:10     | Killed a manticore
 13853 | D:10     | Reached skill level 12 in Unarmed Combat
 13883 | D:10     | Found a radiant altar of Vehumet.
 13883 | D:10     | Found a hide-covered altar of Uskayaw.
 13902 | D:10     | Noticed Lodul
 14035 | D:10     | Identified the +3 flail "Geppuapp" {flame, Int+6}
 14049 | D:10     | Killed Lodul
 14342 | D:9      | Reached XP level 12. HP: 21/82 MP: 12/15
 15090 | D:10     | Found a portal to a secret trove of treasure.
 15946 | D:10     | Found a staircase to the Lair.
 16037 | D:10     | Found a hide-covered altar of Uskayaw.
 16039 | D:10     | Found a radiant altar of Vehumet.
 16490 | D:10     | Found a portal to a secret trove of treasure.
 16775 | D:11     | Noticed a boulder beetle
 16787 | D:11     | Killed a boulder beetle
 16788 | D:11     | Reached skill level 10 in Fighting
 16881 | D:11     | Found a shimmering altar of Xom.
 16882 | D:11     | Found a shimmering altar of Xom.
 16882 | D:11     | Found a shimmering altar of Xom.
 16883 | D:11     | Found a shimmering altar of Xom.
 16883 | D:11     | Found a shimmering altar of Xom.
 16883 | D:11     | Found a shimmering altar of Xom.
 16883 | D:11     | Found a shimmering altar of Xom.
 16883 | D:11     | Found a shimmering altar of Xom.
 16894 | D:11     | Found a shimmering altar of Xom.
 16895 | D:11     | Found a shimmering altar of Xom.
 16896 | D:11     | Found a shimmering altar of Xom.
 16933 | D:11     | Found a gate leading to a gauntlet.
 16938 | Gauntlet | Entered a Gauntlet
 16938 | Gauntlet | Found a transporter.
 16938 | Gauntlet | Found a transporter.
 16938 | Gauntlet | Found a runed translucent gate.
 16938 | Gauntlet | Found a runed translucent gate.
 16938 | Gauntlet | Found a runed translucent gate.
 17038 | Gauntlet | Found a transporter.
 17042 | Gauntlet | Found a transporter.
 17051 | Gauntlet | Found a transporter.
 17054 | Gauntlet | Found a transporter.
 17063 | Gauntlet | Found a transporter.
 17083 | Gauntlet | Found a transporter.
 17100 | Gauntlet | Found a transporter.
 17104 | Gauntlet | Found a transporter.
 17112 | Gauntlet | Found a transporter.
 17143 | Gauntlet | Found a transporter.
 17179 | Gauntlet | Elyvilon protects you from harm!
 17180 | Gauntlet | Mangled by a centaur warrior simulacrum

Illustrated notes

Levels and vault maps discovered:
D:1:      lemuel_arrival_muddy, layout_basic
D:2:      layout_basic, uniq_crazy_yiuf_cottage
D:3:      layout_loops_ring, uniq_ijyb
D:4:      layout_rooms, minmay_temple_entry_wispy, gammafunk_ghost_smash,
          minmay_parallelograms
D:5:      layout_layer_cave, serial_bayou, serial_bayou_pond_c,
          serial_bayou_lagoon_b, serial_bayou_shore_b, serial_bayou_crossing
D:6:      layout_gridville, uniq_edmund, uniq_duvessa
D:7:      layout_layer_cave
D:8:      layout_basic
D:9:      layout_rooms
D:10:     layout_small_grid, jmf_multi_god_temple, lair_entry_dummy,
          enter_trove_5, special_room [special_room_orc], serial_undead,
          serial_undead_d, serial_undead_f, serial_undead_a, serial_undead_d,
          minmay_misc_feat_x, dreamdust_deal_with_the_devil,
          grunt_decor_one_mirror, billiards_dpeg, uniq_lodul
D:11:     layout_loops_ring, gauntlet_entry_generic, xom_shifter_show
Temple:   mainiacjoe_temple_cubbyholes
Gauntlet: minmay_gauntlet_77_indecision [minmay_gauntlet_arena_77_run_for_it,
          minmay_gauntlet_arena_77_radiant_squares,
          minmay_gauntlet_arena_77_tiled_triplets,
          minmay_gauntlet_arena_77_chump_sandwich,
          minmay_gauntlet_arena_77_squiggly,
          minmay_gauntlet_arena_77_broken_ladder,
          nicolae_gauntlet_exit_dead_adventurers]

Skill      XL: |  1  2  3  4  5  6  7  8  9 10 11 12 |
---------------+-------------------------------------+-----
Fighting       | 2 3 4 8 10 | 10.0
Unarmed Combat | 4 5 6 8 12 | 12.0
Shapeshifting  | 4 5 7 10 11 | 11.0
Stealth        | 3 |  3.0
Invocations    | 3 5 |  5.0
Dodging        | 4 |  4.5

Action                     |  1- 3 |  4- 6 |  7- 9 | 10-12 || total
---------------------------+-------+-------+-------+-------++-------
  Melee: Unarmed           |    69 |   128 |   199 |   422 ||   818
         Tentacles         |    14 |    35 |    35 |       ||    84
         Constrict         |    18 |    28 |    41 |    71 ||   158
         Punch             |     2 |       |     7 |       ||     9
 Invoke: Heal Self         |       |       |       |     5 ||     5
  Evoke: Wand              |       |       |       |     3 ||     3
    Use: Scroll            |       |     6 |       |    13 ||    19
   Stab: Sleeping          |     6 |     5 |     5 |     1 ||    17
 Armour: Skin              |    26 |    41 |    76 |   387 ||   530
  Dodge: Dodged            |    27 |    49 |    61 |   187 ||   324
  Block: Other             |    10 |    18 |    30 |    89 ||   147
         Reflection        |       |     3 |     1 |     1 ||     5
   Form: Serpent           |       |       |     1 |       ||     1
